 Dungeon Crawl Stone Soup version 0.20.0 (webtiles) character file.

97 SpeedrunTech the Chopper (level 4, -5/41 HPs)
             Began as a Minotaur Berserker on June 11, 2017.
             Was a Believer of Trog.
             Slain by a worm (10 damage)
             ... on level 5 of the Dungeon.
             The game lasted 00:00:46 (1447 turns).

SpeedrunTech the Chopper (Minotaur Berserker)       Turns: 1447, Time: 00:00:46

Health: -5/41      AC:  1    Str: 23    XL:     4   Next: 42%
Magic:  3/3        EV: 12    Int:  4    God:    Trog [**....]
Gold:   112        SH:  0    Dex:  9    Spells: 3/3 levels left

rFire    . . .     SeeInvis .   a - +0 hand axe
rCold    . . .     Gourm    .   (no shield)
rNeg     . . .     Faith    .   b - +0 animal skin
rPois    .         Spirit   .   (helmet restricted)
rElec    .         Reflect  .   (no cloak)
rCorr    .         Harm     .   f - -2 pair of gloves (curse)
MR       .....                  (no boots)
Stlth    +.........             (no amulet)
Regen    0.2/turn               (no ring)
MPRegen  0.1/turn               (no ring)

@: no status effects
A: retaliatory headbutt, horns 2
a: Berserk, Trog's Hand, Burn Spellbooks, Renounce Religion


You were on level 5 of the Dungeon.
You worshipped Trog.
Trog was pleased with you.
You were hungry.

You visited 1 branch of the dungeon, and saw 5 of its levels.

You collected 112 gold pieces.

Inventory:

Hand Weapons
 a - a +0 hand axe (weapon)
Armour
 b - a +0 animal skin (worn)
 f - a cursed -2 pair of gloves (worn)
Jewellery
 h - an uncursed amulet of faith {unknown}
Scrolls
 d - 2 scrolls of teleportation {unknown}
 e - 3 scrolls of remove curse {unknown}
 j - 2 scrolls of enchant armour {unknown}
 l - a scroll of random uselessness {unknown}
 n - a scroll of identify {unknown}
 p - a scroll of amnesia {unknown}
Potions
 i - a potion of ambrosia {unknown}
 k - a potion of magic {unknown}
 m - a potion of resistance {unknown}
 o - a potion of might {unknown}
Comestibles
 c - 2 bread rations


   Skills:
 + Level 4.6 Fighting
 * Level 5.7 Axes
 - Level 2.4 Armour
 - Level 2.1 Dodging


You had 3 spell levels left.
You didn't know any spells.

Dungeon Overview and Level Annotations

Branches:
Dungeon (5/15)
 Temple: D:4-7

Altars:


Innate Abilities, Weirdness & Mutations

You reflexively headbutt those who attack you in melee.
You have a pair of horns on your head.


Message History

You are too injured to fight recklessly!
Unknown command.
You are too injured to fight recklessly!
You are too injured to fight recklessly!
You barely miss the bullfrog skeleton. You headbutt the bullfrog skeleton!
The bullfrog skeleton is severely damaged.
You hit the worm. The bullfrog skeleton hits you. The worm bites you!
* * * LOW HITPOINT WARNING * * *
The bullfrog skeleton misses you.
You are too injured to fight recklessly!
You hit the bullfrog skeleton.
The bullfrog skeleton is almost destroyed.
You barely miss the worm. The bullfrog skeleton hits you.
* * * LOW HITPOINT WARNING * * *
You are too injured to fight recklessly!
You slash the bullfrog skeleton!
You destroy the bullfrog skeleton!
Trog accepts your kill.
You hit the worm but do no damage. The worm bites you!
You die...

#####'###
#.......#
#.......#
#.......#
#.......#
#.......#
#.......#
#.......#
#.....@.#
.......w.#
..###......
.. #..#####
#.. #.. #..
#..


You could see a worm.

Vanquished Creatures
  A bullfrog skeleton (D:5)
  2 adders
  An adder zombie (D:5)
  A worm (D:3)
  2 dart slugs (D:1)
  2 leopard geckos
  An orc (D:3)
  4 bats
  2 giant cockroaches (D:1)
  4 goblins
  3 hobgoblins
  3 jackals (D:1)
  2 frilled lizards (D:1)
  5 kobolds
  4 rats
37 creatures vanquished.

Vanquished Creatures (others)
  A bullfrog zombie (D:4)
  An orc wizard (D:4)
2 creatures vanquished.

Grand Total: 39 creatures vanquished

Notes
Turn   | Place    | Note
-------+----------+-------------------------------------------
     0 | D:1      | SpeedrunTech the Minotaur Berserker began the quest for the Orb.
     0 | D:1      | Reached XP level 1. HP: 19/19 MP: 0/0
   191 | D:1      | Reached skill level 4 in Axes
   192 | D:1      | Reached XP level 2. HP: 24/27 MP: 1/1
   425 | D:1      | Reached ** piety under Trog
   520 | D:1      | Reached XP level 3. HP: 29/33 MP: 2/2
   654 | D:3      | Reached skill level 5 in Axes
  1375 | D:5      | Entered Level 5 of the Dungeon
  1391 | D:5      | Reached XP level 4. HP: 32/41 MP: 3/3
  1447 | D:5      | Slain by a worm

Skill      XL: |  1  2  3 |
---------------+----------+-----
Axes           | 4 5 |  5.7
Fighting       | 4 |  4.6
Armour         | |  2.4
Dodging        | |  2.1

Action                   |  1- 3 |  4- 6 || total
-------------------------+-------+-------++-------
Melee: Hand axe          |    74 |     7 ||    81
       Headbutt          |    11 |     2 ||    13
Invok: Berserk           |     1 |       ||     1
  Eat: Chunk             |     2 |       ||     2
Armor: Animal skin       |    10 |       ||    10
Dodge: Dodged            |    63 |     3 ||    66
